 Dungeon Crawl Stone Soup version 0.19.5 (webtiles) character file.

41 equalderp2856 the Sneak (level 3, 0/22 HPs)
             Began as a Felid Ice Elementalist on Apr 1, 2017.
             Succumbed to an adder's poison
             ... on level 2 of the Dungeon.
             The game lasted 00:04:05 (1214 turns).

equalderp2856 the Sneak (Felid Ice Elementalist)    Turns: 1214, Time: 00:04:06

Health: 0/22       AC: 21    Str:  5    XL:     3   Next: 32%
Magic:  5/7        EV:  4    Int: 16    God:
Gold:   39         SH:  0    Dex: 21    Spells: 2 memorised, 3 levels left
                                        Lives:  0   Deaths: 0

rFire  + . .     SeeInvis +     (weapon unavailable)
rCold  + . .     Gourm    .     (armour unavailable)
rNeg   + + +     Faith    .     (shield unavailable)
rPois  +         Spirit   .     (helmet unavailable)
rElec  +         Reflect  .     (cloak unavailable)
rCorr  +         Harm     .     (gloves unavailable)
MR     .....     NoTele   +     (boots unavailable)
Stlth  ++++......               (no amulet)
                                (no ring)
                                (no ring)

@: agile, lethally poisoned (0 -> -6), tree-form, resistant, very slightly
contaminated, invisible
A: no armour, no weapons or thrown items, stealth, (claws 0), (fangs 0), see
invisible, carnivore 3, (cold resistance 0), (speed 0), (shaggy fur 0), slow
metabolism 1, (sharp paws)
a: no special abilities


You were on level 2 of the Dungeon.
You were completely stuffed.
You were a tree.
You visited 1 branch of the dungeon, and saw 2 of its levels.

You collected 39 gold pieces.

Inventory:

Jewellery
 g - an uncursed amulet of faith {unknown}
Scrolls
 c - a scroll of teleportation {unknown}
 j - a scroll of fear {unknown}
 l - a scroll of magic mapping {unknown}
Potions
 f - 2 potions of mutation
 i - a potion of resistance
Books
 a - a book of Frost

   Spells                             Type                      Level
   a - Freeze                         Ice                          1
   b - Throw Frost                    Conjuration/Ice              2
   c - Ozocubu's Armour               Charms/Ice                   3
   d - Throw Icicle                   Conjuration/Ice              4
   e - Summon Ice Beast               Ice/Summoning                4
Comestibles
 b - a meat ration
 d - a beef jerky


   Skills:
 * Level 0.4 Fighting
 * Level 3.4 Dodging
 * Level 4.2 Stealth
 * Level 0.2 Unarmed Combat
 - Level 2.0 Spellcasting
 * Level 1.2 Conjurations
 - Level 2.6 Ice Magic


You had 3 spell levels left.
You knew the following spells:

 Your Spells              Type           Power        Failure   Level  Hunger
a - Freeze                Ice            ##..         10%         1    #......
b - Throw Frost           Conj/Ice       #.....       17%         2    ###....


Dungeon Overview and Level Annotations

Branches:
Dungeon (2/15)

Altars:


Innate Abilities, Weirdness & Mutations

You cannot wear armour.
You are incapable of wielding weapons or throwing items.
Your paws allow you to move quietly. (Stealth)
((You have sharp claws.))
((You have razor-sharp teeth.))
You have supernaturally acute eyesight. (SInv)
You are carnivorous and can eat meat at any time.
((You cover ground quickly.))
((You are covered in fur. (AC +1)))
You have a slow metabolism.
((Your sharp claws are effective at attacking unaware monsters.))
((Your flesh is cold resistant. (rC+)))


Message History

* * * LOW HITPOINT WARNING * * *
You feel sick. The adder closely misses you.
It was a potion of resistance.
You feel protected.
* * * LOW HITPOINT WARNING * * *
You feel sick. The adder completely misses you.
It was a potion of lignification.
You turn into a tree.
Your roots penetrate the ground.
The adder bites you but does no damage. x2
It was a potion of agility.
You feel agile all of a sudden.
* * * LOW HITPOINT WARNING * * *
You feel sick. The adder bites you but does no damage.
It was a potion of invisibility.
You fade into invisibility!
The adder bites you but does no damage.
You are very lightly contaminated with residual magic.
You catch the helpless adder completely off-guard!
You smack the adder!
You kill the adder!
You die...

####...................
......#..###..#..##..
......................
.....................
#.....#..###..#...#..
.....#..#...........
.................
.................
..#..#♣#.##..(#.
.....#†#.##...#
.......S.........
..........##...#.
...####.#.# ..# ..
#.#.# .# #.#.# # .....
###.#


You could see an adder.

Vanquished Creatures
  An adder (D:2)
  2 dart slugs (D:1)
  A leopard gecko (D:1)
  6 bats
  2 hobgoblins (D:1)
  2 kobolds
  A frilled lizard (D:1)
  6 goblins
  5 rats
26 creatures vanquished.

Notes
Turn   | Place    | Note
-------+----------+-------------------------------------------
     0 | D:1      | equalderp2856 the Felid Ice Elementalist began the quest for the Orb.
     0 | D:1      | Reached XP level 1. HP: 7/7 MP: 4/4
   307 | D:1      | Reached skill level 3 in Stealth
   391 | D:1      | Reached XP level 2. HP: 10/11 MP: 6/6
   617 | D:1      | Learned a level 2 spell: Throw Frost
   639 | D:1      | Reached skill level 4 in Stealth
   677 | D:1      | Reached skill level 1 in Conjurations
  1076 | D:2      | Reached XP level 3. HP: 14/14 MP: 4/7
  1209 | D:2      | Gained mutation: Your body sometimes deteriorates upon taking damage. [potion of mutation]
  1209 | D:2      | Lost mutation: Your body sometimes deteriorates upon taking damage. [potion of mutation]
  1209 | D:2      | Gained mutation: Your flesh is cold resistant. (rC+) [potion of mutation]
  1212 | D:2      | HP: 1/21 [poisoned by an adder]
  1214 | D:2      | Succumbed to an adder's poison

Skill      XL: |  1  2 |
---------------+-------+-----
Dodging        | 3 |  3.4
Stealth        | 3 4 |  4.2
Conjurations   | 1 |  1.2
Fighting       | |  0.4
Unarmed Combat | |  0.2
Spellcasting   | |  2.0
Ice Magic      | |  2.6

Action                   || total
-------------------------++-------
Melee: Unarmed           ||    24
       Bite              ||     3
 Cast: Freeze            ||    21
       Throw Frost       ||     3
  Use: Potion            ||     5
 Stab: Sleeping          ||     6
       Invisible         ||     1
  Eat: Chunk             ||     8
Armor: Skin              ||     5
Dodge: Dodged            ||    25
